AoeStats
← xdoppiadx

Black Forest

510331518Analyzed
4v4 RM · 20h ago on Sep 30, 2026· 130m 40s· 8 players
Game mode
Random Map
Map size
Large (8 player)
Population
200
Speed
Normal
Resources
Standard
Victory
Conquest
Starting age
Dark Age
Ending age
Imperial Age
RankedLock teamsTeams togetherTeam positionsShared explorationLock speedFull tech treeHidden civsTurbo modeCheats
Victory
Defeat
🇺🇦 Britons · Ukraine
658
+14
🇦🇷 Romans · Argentina
642
+15
627
+15
🇦🇷 Bohemians · Argentina
602
+16
🇩🇪 Franks · Germany
687
-17
🇮🇹 Slavs · Italy
638
-16
🇹🇷 Turks · Türkiye
605
-15
🇹🇷 Koreans · Türkiye
533
-12
bigjoeAR
16:18 Feudal Age
18:20 Double-Bit Axe
22:10 Horse Collar
24:54 Castle Age
22:48 Horse Collar
26:16 Wheelbarrow
25:34 Gold Mining
25:35 Stone Mining
25:51 Heavy Plow
26:05 Bow Saw
29:12 Gold Shaft Mining
30:16 Hand Cart
37:00 Fletching
37:21 Forging
37:17 Scale Barding Armor
39:39 Ballistas
42:20 Imperial Age
40:31 Iron Casting
39:52 Bodkin Arrow
40:18 Chain Barding Armor
41:59 Pikeman
42:40 Squires
44:11 Blast Furnace
43:48 Plate Barding Armor
44:34 Elite Centurion
46:01 Heavy Scorpion
46:07 Cavalier
46:47 Husbandry
46:59 Bloodlines
47:16 Halberdier
57:51 Plate Barding Armor
82:44 Chemistry
82:01 Siege Engineers
95:46 Man-at-Arms
99:25 Long Swordsman
107:32 Elite Skirmisher
114:12 Light Cavalry
120:40 Capped Ram
125:53 Ballistics
126:42 Siege Ram
He
0:31 Loom
4:42 Loom
11:17 Feudal Age
21:09 Castle Age
19:55 Double-Bit Axe
20:16 Stone Mining
20:20 Gold Mining
20:13 Horse Collar
32:02 Imperial Age
30:42 Wheelbarrow
29:52 Treadmill Crane
30:22 Fortified Wall
30:24 Masonry
30:37 Bow Saw
31:58 Gold Shaft Mining
31:41 Hand Cart
31:29 Town Watch
33:14 Fletching
33:24 Padded Archer Armor
34:36 Two-Man Saw
34:11 Architecture
34:23 Siege Engineers
34:31 Caravan
35:00 Conscription
35:01 Elite Longbowman
35:50 Bodkin Arrow
36:34 Squires
37:11 Yeomen
36:16 Pikeman
37:16 Guilds
37:36 Halberdier
38:39 Arson
38:41 Gambesons
39:08 Warwolf
39:50 Hoardings
39:48 Bracer
40:03 Leather Archer Armor
40:00 Forging
39:50 Scale Mail Armor
41:58 Ring Archer Armor
41:56 Murder Holes
42:23 Ballistics
43:56 Iron Casting
43:37 Chain Mail Armor
45:44 Chemistry
87:00 Plate Mail Armor
87:31 Blast Furnace
113:18 Coinage
ZURITA3570
0:33 Loom
15:02 Feudal Age
16:14 Double-Bit Axe
25:04 Castle Age
24:04 Forging
24:38 Padded Archer Armor
27:17 Iron Casting
30:58 Caravan
33:03 Wheelbarrow
32:45 Murder Holes
33:24 Bow Saw
35:30 Hand Cart
38:10 Imperial Age
36:04 Hand Cart
38:47 Chemistry
38:11 Ballistics
38:48 Wagenburg Tactics
38:50 Houfnice
40:11 Arrowslits
43:25 Blast Furnace
42:27 Scale Mail Armor
42:27 Padded Archer Armor
42:18 Fletching
43:43 Elite Hussite Wagon
43:49 Cavalier
44:29 Husbandry
46:01 Pikeman
46:43 Squires
46:28 Arson
51:16 Halberdier
52:24 Chain Mail Armor
52:15 Scale Barding Armor
52:26 Leather Archer Armor
52:06 Bodkin Arrow
54:21 Capped Ram
57:24 Bombard Tower
59:36 Plate Mail Armor
59:36 Ring Archer Armor
59:06 Bracer
59:27 Chain Barding Armor
65:45 Heavy Scorpion
Máfia - so porradao de longe!
0:45 Loom
16:03 Feudal Age
16:28 Horse Collar
17:28 Wheelbarrow
16:43 Double-Bit Axe
17:26 Gold Mining
17:27 Stone Mining
19:39 Man-at-Arms
20:07 Arson
26:16 Castle Age
23:45 Man-at-Arms
26:04 Forging
25:56 Scale Mail Armor
25:57 Padded Archer Armor
25:48 Fletching
25:51 Arson
27:13 Hand Cart
27:41 Town Watch
28:38 Stone Shaft Mining
28:40 Bow Saw
29:22 Heavy Plow
31:52 Caravan
32:34 Gold Shaft Mining
34:51 Thumb Ring
34:07 Crossbowman
34:08 Elite Skirmisher
34:11 Pikeman
34:13 Long Swordsman
34:53 Squires
36:43 Fortified Wall
39:28 Imperial Age
37:40 Ballistics
37:31 Masonry
37:18 Murder Holes
37:17 Guard Tower
38:24 Town Patrol
38:50 Chain Mail Armor
39:10 Iron Casting
38:31 Bodkin Arrow
38:52 Leather Archer Armor
41:21 Architecture
40:40 Arrowslits
41:59 Chemistry
42:06 Two-Man Saw
42:15 Arbalester
44:06 Ring Archer Armor
43:32 Bodkin Arrow
44:38 Blast Furnace
44:09 Plate Mail Armor
44:24 Elite Fire Lancer
44:26 Halberdier
44:27 Two-Handed Swordsman
46:28 Elite Chu Ko Nu
47:10 Great Wall
46:35 Elite Chu Ko Nu
47:36 Conscription
47:25 Great Wall
48:30 Bracer
48:22 Champion
55:56 Scale Barding Armor
55:15 Cavalier
55:58 Husbandry
56:09 Bloodlines
55:23 Light Cavalry
81:41 Chain Barding Armor
81:52 Heavy Scorpion
81:54 Capped Ram
90:26 Rocketry
90:38 Rocketry
104:24 Siege Ram
TSİNTSADZE
13:00 Feudal Age
14:23 Double-Bit Axe
14:57 Horse Collar
18:06 Wheelbarrow
20:21 Gold Mining
20:21 Stone Mining
20:48 Forging
20:31 Fletching
25:52 Castle Age
28:13 Hand Cart
28:19 Bow Saw
28:11 Heavy Plow
29:37 Iron Casting
28:57 Bodkin Arrow
34:32 Imperial Age
36:13 Two-Man Saw
35:30 Elite War Wagon
36:38 Heavy Rocket Cart
46:36 Bracer
58:25 Elite Skirmisher
59:13 Thumb Ring
61:18 Thumb Ring
61:22 Scale Mail Armor
61:27 Scale Barding Armor
81:32 Squires
80:53 Pikeman
81:27 Man-at-Arms
84:45 Halberdier
87:02 Long Swordsman
87:59 Two-Handed Swordsman
89:53 Champion
94:05 Cavalier
115:09 Elite Fire Lancer
Artemis0880
0:30 Loom
13:37 Feudal Age
15:28 Town Watch
18:22 Castle Age
16:57 Double-Bit Axe
19:36 Bow Saw
21:43 Fervor
24:18 Wheelbarrow
24:07 Gold Mining
24:09 Stone Mining
26:52 Hand Cart
27:25 Caravan
29:20 Fletching
29:32 Murder Holes
29:58 Ballistics
30:11 Bodkin Arrow
35:03 Imperial Age
32:35 Town Patrol
32:44 Scale Barding Armor
32:50 Forging
32:53 Masonry
32:54 Fortified Wall
32:51 Husbandry
34:05 Gold Shaft Mining
35:06 Chain Barding Armor
35:21 Iron Casting
35:18 Squires
34:38 Pikeman
35:04 Arson
36:24 Hoardings
35:14 Onager
35:15 Capped Ram
35:52 Cavalier
37:13 Siege Engineers
37:40 Architecture
36:44 Halberdier
38:17 Chivalry
38:35 Paladin
40:19 Plate Barding Armor
39:44 Scale Mail Armor
40:45 Blast Furnace
42:25 Devotion
42:21 Herbal Medicine
42:53 Heresy
43:17 Conscription
42:54 Treadmill Crane
43:32 Chain Mail Armor
47:00 Faith
47:03 Sanctity
48:40 Elite Throwing Axeman
66:25 Chemistry
66:39 Coinage
67:31 Plate Mail Armor
68:15 Padded Archer Armor
68:41 Elite Skirmisher
80:18 Leather Archer Armor
84:32 Banking
117:02 Light Cavalry
The kantinci
16:41 Feudal Age
18:19 Double-Bit Axe
24:24 Castle Age
22:57 Gold Mining
23:00 Stone Mining
23:17 Padded Archer Armor
23:08 Fletching
23:29 Forging
23:24 Scale Mail Armor
27:41 Bow Saw
28:46 Wheelbarrow
28:51 Gold Shaft Mining
30:40 Caravan
31:12 Coinage
33:54 Imperial Age
33:52 Leather Archer Armor
33:32 Bodkin Arrow
34:14 Iron Casting
33:55 Chain Mail Armor
33:47 Scale Barding Armor
35:19 Bracer
35:50 Ring Archer Armor
35:44 Ballistics
37:18 Two-Man Saw
36:24 Horse Collar
38:08 Blast Furnace
37:39 Conscription
38:32 Heavy Plow
39:07 Banking
38:48 Guilds
39:01 Elite Janissary
40:59 Artillery
56:19 Chain Barding Armor
56:30 Plate Mail Armor
60:59 Plate Barding Armor
60:53 Heavy Camel Rider
67:34 Cavalier
68:24 Treadmill Crane
68:58 Husbandry
72:32 Bloodlines
xdoppiadx
0:55 Loom
16:00 Feudal Age
16:38 Double-Bit Axe
23:23 Castle Age
22:08 Horse Collar
23:02 Stone Mining
24:19 Bow Saw
24:32 Heavy Plow
25:01 Gold Mining
30:25 Wheelbarrow
34:37 Imperial Age
31:54 Town Watch
34:09 Hand Cart
34:03 Town Patrol
35:00 Fortified Wall
34:46 Murder Holes
36:00 Gold Shaft Mining
36:04 Forging
35:54 Scale Mail Armor
35:59 Scale Barding Armor
36:19 Ballistics
37:21 Two-Man Saw
37:32 Crop Rotation
37:58 Caravan
39:01 Iron Casting
38:41 Chain Mail Armor
38:31 Scale Barding Armor
38:46 Scale Barding Armor
41:27 Blast Furnace
42:31 Chemistry
41:21 Guard Tower
41:43 Masonry
42:29 Siege Engineers
43:23 Coinage
43:20 Onager
44:29 Detinets
44:50 Conscription
45:07 Hoardings
44:00 Pikeman
45:13 Plate Mail Armor
45:04 Chain Barding Armor
45:49 Siege Onager
46:56 Druzhina
46:45 Halberdier
47:25 Squires
47:54 Elite Boyar
51:07 Banking
59:42 Heavy Scorpion
60:54 Man-at-Arms
62:04 Long Swordsman
63:26 Two-Handed Swordsman
66:16 Champion
79:18 Capped Ram
83:49 Siege Ram
101:30 Elite Skirmisher
102:34 Chain Barding Armor
102:04 Fletching
102:14 Padded Archer Armor
102:34 Chain Barding Armor
Connection lost

Rejoining the realm…

Still unreachable

The connection could not be restored.

Session expired

The server has moved on; the page needs a fresh start.